 Dungeon Crawl Stone Soup version 0.28.0 (webtiles) character file.

Game seed: 4174346224700932023

740 HallandMoats the Skirmisher (level 7, 0/62 HPs)
             Began as a Ghoul Monk on Feb 8, 2022.
             Was a Priest of Dithmenos.
             Slain by a scorpion zombie (4 damage)
             ... on level 4 of the Dungeon.
             The game lasted 00:04:11 (4192 turns).

HallandMoats the Skirmisher (Ghoul Monk)            Turns: 4192, Time: 00:04:12

Health: 0/62       AC:  9    Str: 15    XL:     7   Next: 75%
Magic:  8/8        EV: 12    Int:  5    God:    Dithmenos [***...]
Gold:   196        SH:  0    Dex: 13    Spells: 6/6 levels left

rFire   . . .      SeeInvis .   b - +2 dagger (venom)
rCold   + . .      Faith    .   (no shield)
rNeg    + + +      Spirit   .   j - +0 ring mail
rPois   ∞          Reflect  .   h - +0 helmet
rElec   .          Harm     .   (no cloak)
rCorr   .          Rampage  .   i - +0 pair of gloves
Will    .....                   q - +0 pair of boots
Stlth   ++........              (no amulet)
HPRegen 0.00/turn               (no ring)
MPRegen 0.11/turn               (no ring)

@: inhibited regen, wreathed by umbra
A: claws 1, cold resistance 1, negative energy resistance 3, inhibited
regeneration, torment resistance 2
a: Renounce Religion, Shadow Step


You were on level 4 of the Dungeon.
You worshipped Dithmenos.
Dithmenos was most pleased with you.
You visited 1 branch of the dungeon, and saw 4 of its levels.

You collected 208 gold pieces.
You spent 12 gold pieces at shops.

Inventory:

Hand Weapons
 b - a +2 dagger of venom (weapon)
 v - a +2 vampiric dagger
Armour
 h - a +0 helmet (worn)
 i - a +0 pair of gloves (worn)
 j - a +0 ring mail (worn)
 q - a +0 pair of boots (worn)
Scrolls
 a - a scroll of amnesia {unknown}
 c - 4 scrolls of identify {unknown}
 f - 3 scrolls of teleportation
 g - a scroll of blinking {unknown}
 l - a scroll of torment {unknown}
 n - 3 scrolls of noise {unknown}
 r - a scroll of enchant armour {unknown}
 t - a scroll of immolation {unknown}
Potions
 d - a potion of invisibility {unknown}
 e - 2 potions of heal wounds {unknown}
 k - 3 potions of mutation {unknown}
 m - 2 potions of flight {unknown}
 o - a potion of lignification {unknown}
 p - a potion of ambrosia {unknown}
 s - 2 potions of magic {unknown}
 u - a potion of resistance {unknown}
 w - a potion of curing {unknown}


   Skills:
 * Level 5.7 Fighting
 * Level 3.7 Armour
 * Level 4.8 Dodging
 - Level 2.1 Stealth
 - Level 3.6 Unarmed Combat
 + Level 3.0 Invocations


You had 6 spell levels left.
You didn't know any spells.
Your spell library contained the following spells:

 Spells                   Type           Power      Damage    Failure   Level
 Blink                    Tloc           0%         N/A       83%         2
 Frozen Ramparts          Ice            0%         1d2       96%         3
 Lesser Beckoning         Tloc           0%         N/A       96%         3
 Summon Ice Beast         Ice/Summ       0%         N/A       100%        4
 Manifold Assault         Tloc           0%         N/A       100%        5
 Ice Form                 Ice/Tmut       Unusable   N/A       N/A         4

Dungeon Overview and Level Annotations

Branches:
Dungeon (4/15)
 Temple: D:4-7

Altars:
Dithmenos
Fedhas
Gozag
Wu Jian

Shops:
D:4 *


Innate Abilities, Weirdness & Mutations

You thrive by killing the living.
You are immune to poison.
You have sharp fingernails.
Your flesh is cold resistant. (rC+)
You are immune to negative energy. (rN+++)
You do not regenerate when monsters are visible.
You are immune to unholy pain and torment.


Message History

You hit the scorpion zombie.
The scorpion zombie is lightly damaged.
The scorpion zombie hits you.
* * * LOW HITPOINT WARNING * * *
You hit the scorpion zombie but do no damage.
The scorpion zombie is lightly damaged.
The scorpion zombie hits you.
* * * LOW HITPOINT WARNING * * *
You hit the scorpion zombie.
The scorpion zombie is moderately damaged.
The scorpion zombie closely misses you.
You hit the scorpion zombie.
The scorpion zombie is moderately damaged.
The scorpion zombie hits you but does no damage.
You hit the scorpion zombie but do no damage.
The scorpion zombie is moderately damaged.
The scorpion zombie hits you.
* * * LOW HITPOINT WARNING * * *
You hit the scorpion zombie.
The scorpion zombie is heavily damaged.
The scorpion zombie barely misses you.
You hit the scorpion zombie but do no damage.
The scorpion zombie is heavily damaged.
The scorpion zombie hits you but does no damage.
You hit the scorpion zombie but do no damage.
The scorpion zombie is heavily damaged.
The scorpion zombie misses you.
You hit the scorpion zombie.
The scorpion zombie is heavily damaged.
The scorpion zombie hits you but does no damage.
You hit the scorpion zombie.
The scorpion zombie is severely damaged.
The scorpion zombie closely misses you.
You hit the scorpion zombie.
The scorpion zombie is severely damaged.
The scorpion zombie hits you but does no damage.
You hit the scorpion zombie but do no damage.
The scorpion zombie is severely damaged.
The scorpion zombie hits you.
You die...

#.####.## #.# #..#
#.# ##.# #.# #.#
#.# ##.## #.#
#P.P# #.# ##.##
#.### #.# ###
#.#...#@#...#
#.#...#Z#.n.#
#.#.n.....n.#
#.#...P_P...#
#.#..PPPP...# #
#.#...PP....# #
#.##.......#######
###
#..#########.....#
##..
##...............#
#∩..


You could see a scorpion zombie.

Vanquished Creatures
  6 necrophages (D:4)
  A scorpion (D:3)
  A scorpion zombie (D:4)
  A hound skeleton (D:4)
  5 adders
  An adder zombie (D:4)
  3 worms
  6 orcs (D:3)
  3 bats
  4 endoplasms (D:3)
  4 giant cockroaches
  7 hobgoblins
  A quokka (D:3)
  7 ball pythons
  A ball python zombie (D:3)
  2 frilled lizards
  10 goblins
  3 kobolds
  4 rats
70 creatures vanquished.

Vanquished Creatures (others)
  2 bushes (D:4)
  8 plants (D:4)
10 creatures vanquished.

Grand Total: 80 creatures vanquished

Notes
Turn   | Place    | Note
-------+----------+-------------------------------------------
     0 | D:1      | HallandMoats the Ghoul Monk began the quest for the Orb.
     0 | D:1      | Reached XP level 1. HP: 19/19 MP: 0/0
    60 | D:1      | You fall into a shaft and drop 1 floor!
    73 | D:2      | Reached XP level 2. HP: 11/26 MP: 1/1
  1282 | D:2      | Found a faded altar of an unknown god.
  1301 | D:2      | Prayed at the altar of an unknown god.
  1301 | D:2      | Became a worshipper of Dithmenos the Shadowed
  1301 | D:2      | Reached * piety under Dithmenos
  1301 | D:2      | Reached ** piety under Dithmenos
  1441 | D:2      | Reached XP level 3. HP: 24/31 MP: 2/2
  1578 | D:2      | Reached *** piety under Dithmenos
  1599 | D:2      | Reached skill level 1 in Armour
  2036 | D:3      | Noticed a scorpion
  2047 | D:3      | Killed a scorpion
  2048 | D:3      | Reached skill level 4 in Fighting
  2048 | D:3      | Reached skill level 1 in Invocations
  2048 | D:3      | Reached XP level 4. HP: 10/40 MP: 3/3
  2059 | D:2      | Reached XP level 5. HP: 6/46 MP: 3/5
  2455 | D:3      | Found an opulent altar of Gozag.
  3046 | D:4      | Found an ornate altar of the Wu Jian Council.
  3183 | D:4      | Noticed a necrophage
  3197 | D:4      | Killed a necrophage
  3198 | D:4      | Reached XP level 6. HP: 53/53 MP: 6/6
  3456 | D:4      | Found a blossoming altar of Fedhas.
  3507 | D:4      | Found Qunyfe Xagu's CLEARANCE SALE!.
  3514 | D:4      | Bought a scroll of teleportation for 12 gold pieces
  3982 | D:4      | Noticed a necrophage
  3982 | D:4      | Noticed a necrophage
  3983 | D:4      | Noticed a necrophage
  3984 | D:4      | Noticed a necrophage
  3984 | D:4      | Noticed a necrophage
  4062 | D:4      | Killed a necrophage
  4063 | D:4      | Reached skill level 5 in Fighting
  4088 | D:4      | Killed a necrophage
  4089 | D:4      | Reached XP level 7. HP: 51/61 MP: 7/7
  4192 | D:4      | Slain by a scorpion zombie

Illustrated notes

Levels and vault maps discovered:
D:1:      sevenhm_arrival_forest_fort_large_2, layout_loops_corners,
          dk_noncrumbling_4, minmay_tromino_v4_b
D:2:      layout_loops_ring, basic_ecumenical_altar
D:3:      layout_rooms, lemuel_coloured_pillars_altar, serial_corexii_hall,
          chequers_hall_statues_y, corexii_hall_statues_s,
          corexii_hall_statues_i, corexii_hall_statues_l,
          minmay_fractal_squares_diagonal_5
D:4:      layout_basic, nicolae_wu_jian_wuxing_cycle,
          fedhas_altar_decomposition, minmay_splitting_lines,
          nicolae_shop_clearance

Skill      XL: |  1  2  3  4  5  6  7 |
---------------+----------------------+-----
Dodging        | 3 4 |  4.8
Armour         | 1 2 3 |  3.7
Fighting       | 4 5 |  5.7
Invocations    | 1 2 3 |  3.0
Stealth        | |  2.1
Unarmed Combat | |  3.6

Action                   |  1- 3 |  4- 6 |  7- 9 || total
-------------------------+-------+-------+-------++-------
Melee: Unarmed           |    28 |       |       ||    28
       Dagger            |    61 |   159 |   104 ||   324
       Punch             |     2 |     6 |     2 ||    10
 Stab: Sleeping          |     2 |     5 |       ||     7
Armor: Ring mail         |    23 |    36 |    30 ||    89
       Robe              |     1 |       |       ||     1
Dodge: Dodged            |    57 |    95 |    50 ||   202
